 Dungeon Crawl Stone Soup version 0.29.1-13-g9f3cf754e1 (webtiles) character file.

Game seed: 13341779418163423351

6 OTABOTABOTAB the Caller (level 1, 0/11 HPs)
             Began as an Octopode Summoner on Jan 29, 2023.
             Constricted to death by a ball python (1 damage)
             ... on level 1 of the Dungeon.
             The game lasted 00:00:42 (361 turns).

OTABOTABOTAB the Caller (Octopode Summoner)          Turns: 361, Time: 00:00:43

Health: 0/11       AC:  1    Str:  7    XL:     1   Next: 90%
Magic:  0/3        EV: 10    Int: 17    God:
Gold:   43         SH:  0    Dex: 12    Spells: 3/4 levels left

rFire   . . .      SeeInvis .   a - +1 whip (elec)
rCold   . . .      Faith    .   (no shield)
rNeg    . . .      Spirit   .   (helmet restricted)
rPois   .          Reflect  .   (no amulet)
rElec   .          Harm     .   (no ring)
rCorr   .          Rampage  .   (no ring)
Will    .....                   (no ring)
Stlth   +++.......              (no ring)
HPRegen 0.03/turn               (no ring)
MPRegen 0.08/turn               (no ring)
                                (no ring)
                                (no ring)

@: constricted
A: almost no armour, amphibious, 8 rings, camouflage 1, gelatinous body 1,
(nimble swimmer 1), tentacles
a: no special abilities


You were on level 1 of the Dungeon.
You visited 1 branch of the dungeon, and saw 1 of its levels.

You collected 43 gold pieces.

Inventory:

Hand Weapons
 a - a +1 whip of electrocution (weapon)
   (You found it on level 1 of the Dungeon)
Potions
 b - a potion of lignification {unknown}
 c - a potion of berserk rage {unknown}
 d - a potion of mutation {unknown}
 M - a potion of magic


   Skills:
 - Level 2.0 Dodging
 - Level 2.6 Stealth
 + Level 2.2 Spellcasting
 + Level 4.1 Summonings


You had 3 spell levels left.
You knew the following spells:

 Your Spells              Type           Power      Damage    Failure   Level
a - Summon Small Mammal   Summ           64%        N/A       3%          1

Your spell library contained the following spells:

 Spells                   Type           Power      Damage    Failure   Level
 Call Imp                 Summ           16%        N/A       5%          2
 Call Canine Familiar     Summ           16%        N/A       11%         3
 Summon Guardian Golem    Hex/Summ       9%         N/A       24%         3
 Summon Lightning Spire   Summ/Air       9%         N/A       63%         4


Dungeon Overview and Level Annotations

Branches:
Dungeon (1/15)

Altars:


Innate Abilities, Weirdness & Mutations

You cannot wear most types of armour.
You are amphibious.
You can wear up to eight rings at the same time.
Your skin changes colour to match your surroundings (Stealth+).
Your rubbery body absorbs attacks. (AC +1, EV +1)
((You are camouflaged when in or above water. (Stealth+)))
You have tentacles for arms and can constrict up to eight enemies at once.


Message History

The ball python hisses angrily.
You swap places.
Your quokka closely misses the ball python.
The ball python barely misses your quokka.
The ball python grabs your quokka. The ball python constricts your quokka.
Your quokka bites the ball python.
You see here a glowing puce potion.
The ball python bites your quokka. The ball python constricts your quokka.
Your quokka barely misses the ball python.
The ball python barely misses your quokka.
The ball python constricts your quokka.
Your quokka closely misses the ball python.
The ball python bites your quokka but does no damage.
The ball python constricts your quokka.
Your quokka bites the ball python.
The ball python dies!
b - a glowing puce potion MP restored: 3 You see here a rat corpse.
You swap places.
Your quokka disappears in a puff of smoke!
You see here a bat corpse.
A frilled lizard comes into view.
A frilled lizard is nearby!
The frilled lizard hisses angrily.
You now have 2/3 mp.
You now have 1/3 mp.
Your bat hits the frilled lizard.
The frilled lizard barely misses your bat.
Your bat hits the frilled lizard.
The frilled lizard dies!
You swap places.
You now have 40 gold pieces (gained 8).
Your bat disappears in a puff of smoke!
Your bat disappears in a puff of smoke!
A quokka comes into view.
MP restored: 3 A quokka is nearby!
You now have 2/3 mp.
You now have 1/3 mp.
You hit the quokka but do no damage. You grab the quokka.
You constrict the quokka. The quokka bites you.
You take 3 damage, and have 8/11 hp.
MASSIVE DAMAGE!!
You hit the quokka but do no damage. Lightning courses through the quokka!!
You kill the quokka!
No target in view!
No target in view!
Your quokka disappears in a puff of smoke!
Your quokka disappears in a puff of smoke!
You see here a quokka corpse.
You see here a +0 robe.
c - a bubbling silvery potion Unknown command.
Health restored: 11; MP restored: 3 A giant cockroach comes into view.
You see here 3 gold pieces.
A giant cockroach is nearby!
You now have 43 gold pieces (gained 3).
No target in view!
You now have 2/3 mp.
You hit the giant cockroach but do no damage.
You grab the giant cockroach.
You constrict the giant cockroach, but do no damage.
The giant cockroach bites you but does no damage.
Your quokka barely misses the giant cockroach.
You hit the giant cockroach.
You kill the giant cockroach!
You swap places.
d - a metallic green potion MP restored: 3 A ball python comes into view.
A goblin comes into view. It is wielding a +0 dagger.
The goblin shouts!
The ball python hisses angrily.
You swap places.
Your quokka bites the ball python.
The ball python barely misses your quokka. x2
You swap places.
Your quokka disappears in a puff of smoke!
The ball python bites you. The ball python grabs you.
The ball python constricts you.
You take 3 damage, and have 8/11 hp.
MASSIVE DAMAGE!!
You escape the ball python's grasp.
The ball python attacks as you move away!
The ball python bites you but does no damage.
The ball python misses you. The ball python bites you.
The ball python misses you. The goblin barely misses your bat.
You take 2 damage, and have 6/11 hp.
You now have 2/3 mp.
Your bat hits the goblin. x2; The goblin closely misses your bat.
Your bat closely misses the goblin.
The ball python bites you. The ball python grabs you.
The ball python constricts you. The goblin misses your bat.
Your bat hits the goblin.
You take 2 damage, and have 4/11 hp.
You now have 1/3 mp.
Your quokka disappears in a puff of smoke!
Your bat barely misses the goblin.
The ball python bites you.
* * * LOW HITPOINT WARNING * * *
The ball python constricts you.
You die...

###########
#....g.bS@#
#.#######r#
#ยง# #.#
###.#######
#..........
#.#.###....
#.#.# ## #
#.#####.#.#
.## ##


You could see a goblin (distracted, ally target), a ball python (ally target), a
friendly bat (summoned) and a friendly rat (summoned).

Vanquished Creatures
  A giant cockroach (D:1)
  A quokka (D:1)
  A rat (D:1)
3 creatures vanquished.

Vanquished Creatures (collateral kills)
  A ball python (D:1)
  A bat (D:1)
  A frilled lizard (D:1)
  A rat (D:1)
4 creatures vanquished.

Grand Total: 7 creatures vanquished

Notes
Turn   | Place    | Note
-------+----------+-------------------------------------------
     0 | D:1      | OTABOTABOTAB the Octopode Summoner began the quest for the
                  | Orb.
     0 | D:1      | Reached XP level 1. HP: 11/11 MP: 3/3
   361 | D:1      | HP: 1/11 [ball python (3)]
   361 | D:1      | Constricted to death by a ball python

Illustrated notes

Levels and vault maps discovered:
D:1:      lemuel_arrival_muddy, layout_loops_ring, serial_shops, shop

Action                   || total
-------------------------++-------
Melee: Whip              ||     6
       Constrict         ||     2
 Cast: Summon Small Mamm ||    12
Armor: Skin              ||     2
Dodge: Dodged            ||     3

Table legend: (Time is in decaauts)
 A = Elapsed time spent in this place.
 B = Non-inter-level travel time spent in this place.
 C = Inter-level travel time spent in this place.
 D = Time resting spent in this place.
 E = Time spent auto-exploring this place.
 F = Levels seen in this place.
 G = Mean time per level.
                   A        B        C        D        E       F      G
               +--------+--------+--------+--------+--------+-----+--------+
         Total |    361 |    361 |      0 |      0 |    288 |   1 |  361.0 |
       Dungeon |    361 |    361 |      0 |      0 |    288 |   1 |  361.0 |
               +--------+--------+--------+--------+--------+-----+--------+

Top non-repeatable levels by time:
     D:1: 361 daAuts

Table legend:
 A = Kills in this place as a percentage of kills in entire the game.
 B = Kills by you in this place as a percentage of kills by you in the entire game.
 C = Kills by friends in this place as a percentage of kills by friends in the entire game.
 D = Other kills in this place as a percentage of other kills in the entire game.
 E = Experience gained in this place as a percentage of experience gained in the entire game.
 F = Experience gained in this place divided by the number of levels of this place that you have seen.
                   A       B       C       D       E      F
               +-------+-------+-------+-------+-------+----------------------
         Total | 100.0 | 100.0 | 100.0 |   N/A | 100.0 |   9.0
       Dungeon | 100.0 | 100.0 | 100.0 |   N/A | 100.0 |   9.0
               +-------+-------+-------+-------+-------+----------------------
